 Dungeon Crawl Stone Soup version 0.18.1-48-g4cf74bf (webtiles) character file.

466 TuxedoFelix the Shield-Bearer (level 6, -1/52 HPs)
             Began as a Minotaur Fighter on July 21, 2016.
             Slain by Menkaure (18 damage)
             ... on level 4 of the Dungeon.
             The game lasted 00:12:27 (2844 turns).

TuxedoFelix the Shield-Bearer (Minotaur Fighter)    Turns: 2844, Time: 00:12:28

Health: -1/52      AC:  7    Str: 23    XL:     6   Next: 81%
Magic:  5/5        EV:  8    Int:  5    God:
Gold:   90         SH: 10    Dex:  9    Spells: 0 memorised, 5 levels left

rFire  . . .     SeeInvis .     a - +0 long sword
rCold  . . .     Gourm    .     b - +0 scale mail
rNeg   . . .     Faith    .     c - +0 shield
rPois  .         Spirit   .     (helmet restricted)
rElec  .         Dismiss  .     (no cloak)
rCorr  .         Reflect  .     (no gloves)
SustAt .         Harm     .     (no boots)
MR     .....                    (no amulet)
Stlth  ..........               (no ring)
                                (no ring)

@: not resistant to hostile enchantments, extremely unstealthy
A: retaliatory headbutt, horns 2
a: no special abilities


You were on level 4 of the Dungeon.
You were not hungry.

You visited 1 branch of the dungeon, and saw 4 of its levels.

You collected 90 gold pieces.

Inventory:

Hand Weapons
 a - a +0 long sword (weapon)
 d - a +1 scythe of venom
Armour
 b - a +0 scale mail (worn)
 c - a +0 shield (worn)
Jewellery
 l - a cursed ring of loudness {unknown}
 n - an uncursed ring of magical power {unknown}
 o - a cursed ring of teleportation {unknown}
 p - an uncursed ring of see invisible {unknown}
Scrolls
 g - a scroll of identify {unknown}
 i - a scroll of blinking {unknown}
 k - a scroll of remove curse {unknown}
Potions
 e - a potion of flight {unknown}
 f - a potion of curing {unknown}
 h - a potion of resistance {unknown}
 j - a potion of heal wounds {unknown}
 m - a potion of lignification {unknown}
 q - a potion of cancellation {unknown}


   Skills:
 - Level 3.9 Fighting
 * Level 5.9 Long Blades
 + Level 5.0 Armour
 * Level 6.4 Shields


You had 5 spell levels left.
You didn't know any spells.

Dungeon Overview and Level Annotations

Branches:
Dungeon (4/15)
 Temple: D:4-7

Altars:

Annotations:
D:4 Menkaure


Innate Abilities, Weirdness & Mutations

You reflexively headbutt those who attack you in melee.
You have a pair of horns on your head.


Message History

Menkaure hits you!!
You barely miss Menkaure.
You headbutt Menkaure, but do no damage.
Menkaure is heavily damaged.
Menkaure hits you!
Menkaure gestures at you while chanting.
Pain shoots through your body!
You can't wield that with a shield.
You barely miss Menkaure. You headbutt Menkaure.
Menkaure is severely damaged.
Menkaure closely misses you.
You hit Menkaure. You headbutt Menkaure.
Menkaure is almost destroyed.
Menkaure hits you.
Your scale mail prevents you from hitting Menkaure.
Your headbutt misses Menkaure.
Menkaure is almost destroyed.
Menkaure sighs, "From dust you came, to dust you will return."
Menkaure barely misses you. Menkaure hits you!!
You die...

#.##.#######.#
#.........##.#
####.####.##.#
########.# #..
#........# ... #.
#.######## ##.
#..###.##
#.......##########.#
##...........@M....#
#####..##########.#
#.... #.#### #.# #.#
#.# #..


You could see Menkaure.

Vanquished Creatures
  Sigmund (D:2)
  An orc wizard (D:4)
  An orc priest (D:3)
  A centaur skeleton (D:4)
  Natasha (thrice) (D:2)
  Terence (D:2)
  A howler monkey skeleton (D:4)
  2 adders (D:3)
  An ooze (D:3)
  2 worms (D:2)
  3 giant geckos
  10 orcs
  3 giant cockroaches
  13 goblins
  7 hobgoblins
  7 jackals
  2 quokkas
  2 ball pythons
  8 bats
  6 giant newts
  4 kobolds
  13 rats
92 creatures vanquished.

Notes
Turn   | Place    | Note
--------------------------------------------------------------
     0 | D:1      | TuxedoFelix the Minotaur Fighter began the quest for the Orb.
     0 | D:1      | Reached XP level 1. HP: 19/19 MP: 0/0
   222 | D:1      | Reached XP level 2. HP: 25/27 MP: 1/1
   345 | D:1      | Reached skill level 4 in Shields
   555 | D:2      | Noticed Natasha
   564 | D:2      | Killed Natasha
   564 | D:2      | Reached XP level 3. HP: 22/33 MP: 2/2
   854 | D:2      | Noticed Natasha
   860 | D:2      | Killed Natasha
   860 | D:2      | Reached XP level 4. HP: 40/40 MP: 3/3
   871 | D:2      | Noticed Terence
   884 | D:2      | Killed Terence
  1045 | D:2      | Noticed Sigmund
  1046 | D:2      | Reached skill level 5 in Shields
  1052 | D:2      | Killed Sigmund
  1052 | D:2      | Reached skill level 5 in Long Blades
  1052 | D:2      | Reached XP level 5. HP: 36/46 MP: 4/4
  1308 | D:2      | Noticed Natasha
  1312 | D:2      | Killed Natasha
  1312 | D:2      | Reached XP level 6. HP: 52/52 MP: 5/5
  1797 | D:3      | Reached skill level 6 in Shields
  2725 | D:4      | Reached skill level 5 in Armour
  2835 | D:4      | Noticed Menkaure
  2844 | D:4      | Slain by Menkaure

Skill      XL: |  1  2  3  4  5  6 |
---------------+-------------------+-----
Shields        | 4 5 6 |  6.4
Long Blades    | 3 5 |  5.9
Armour         | 4 5 |  5.0
Fighting       | |  3.9

Action                   |  1- 3 |  4- 6 || total
-------------------------+-------+-------++-------
Melee: Long sword        |    79 |   174 ||   253
       Headbutt          |     7 |    27 ||    34
  Use: Potion            |       |     1 ||     1
  Eat: Bread ration      |       |     1 ||     1
       Meat ration       |       |     1 ||     1
Armor: Scale mail        |    27 |    70 ||    97
Dodge: Dodged            |    27 |    46 ||    73
Block: Shield            |    42 |    95 ||   137
